 Dungeon Crawl Stone Soup version 0.29-a0-233-g1125b37a9b (webtiles) character file.

Game seed: 6730517477459100990

114 bande the Covered (level 4, 29/29 HPs)
             Began as a Gargoyle Fighter on Mar 2, 2022.
             Quit the game on level 3 of the Dungeon.
             The game lasted 00:03:10 (2210 turns).

bande the Covered (Gargoyle Fighter)                Turns: 2210, Time: 00:03:11

Health: 29/29      AC: 10    Str: 19    XL:     4   Next: 98%
Magic:  4/4        EV:  9    Int:  7    God:
Gold:   840        SH:  4    Dex: 11    Spells: 3/3 levels left

rFire   . . .      SeeInvis .   a - +0 war axe
rCold   . . .      Faith    .   c - +0 buckler
rNeg    + . .      Spirit   .   b - +0 scale mail
rPois   ∞          Reflect  .   (no helmet)
rElec   +          Harm     .   (no cloak)
rCorr   .          Rampage  .   (no gloves)
Will    .....                   (no boots)
Stlth   ..........              (no amulet)
HPRegen 0.09/turn               (no ring)
MPRegen 0.09/turn               (no ring)

@: no status effects
A: sickness immunity, AC +3, negative energy resistance 1, electricity
resistance, torment resistance 1, petrification resistance, dopey 1
a: no special abilities


You were on level 3 of the Dungeon.
You visited 1 branch of the dungeon, and saw 3 of its levels.

You collected 840 gold pieces.

Inventory:

Hand Weapons
 a - a +0 war axe (weapon)
Armour
 b - a +0 scale mail (worn)
 c - a +0 buckler (worn)
Scrolls
 e - 2 scrolls of teleportation
Potions
 d - a potion of might
 h - a potion of curing
 i - 2 potions of flight
 j - 2 potions of magic


   Skills:
 + Level 3.9 Fighting
 + Level 3.2 Axes
 + Level 4.0 Armour
 + Level 3.9 Shields


You had 3 spell levels left.
You didn't know any spells.
Your spell library contained the following spells:

 Spells                   Type           Power      Damage    Failure   Level
 Freeze                   Ice            0%         1d3       87%         1
 Frozen Ramparts          Ice            0%         1d2       99%         3
 Hailstorm                Conj/Ice       0%         3d3       100%        4


Dungeon Overview and Level Annotations

Branches:
Dungeon (3/15)

Altars:
Xom


Innate Abilities, Weirdness & Mutations

You are immune to sickness and miasma.
Your stone body is resilient. (AC +3)
You are immune to poison.
You resist negative energy. (rN+)
You are resistant to electric shocks. (rElec)
You are resistant to unholy torment.
You are immune to petrification.
You are dopey. (Int -2)


Message History

The adder hisses angrily.
Found 2 gold pieces.
You closely miss the adder. The adder bites you but does no damage.
The adder barely misses you.
You hit the adder.
The adder is severely wounded.
The adder bites you. The adder bites you but does no damage.
You barely miss the adder.
The adder is severely wounded.
The adder closely misses you. The adder barely misses you.
You barely miss the adder.
The adder is heavily wounded.
The adder misses you. The adder closely misses you.
You closely miss the adder.
The adder is heavily wounded.
The adder barely misses you. The adder bites you but does no damage.
You completely miss the adder.
The adder is heavily wounded.
You block the adder's attack.
You barely miss the adder.
The adder is heavily wounded.
The adder closely misses you. You block the adder's attack.
You hit the adder.
You kill the adder!
No target in view!
No target in view!
No target in view!
No target in view!
No target in view!
No target in view!
No target in view!
HP restored.
f - a scroll of identify You see here an adder corpse.
As you read the scroll of identify, it crumbles to dust.
k - a potion of mutation Really quaff the potion of mutation?
You feel extremely strange.
You feel stupid.
Are you sure you want to abandon this character and quit the game? (Confirm with "yes".)

.# #.# #.#
####.#####
..#.#..$
#.#.#.##
#@#....##
#.#...# .###
#.###.###....
## #..†#..#
#.#....#
#####....##
#.........##
#.##.......#
#.##.........


There were no monsters in sight!

Vanquished Creatures
  A bullfrog (D:3)
  An adder (D:3)
  A dart slug (D:2)
  An orc (D:3)
  5 ball pythons (D:1)
  3 bats (D:2)
  4 endoplasms
  6 goblins
  8 hobgoblins
  3 kobolds
  2 quokkas (D:2)
  3 frilled lizards
  A rat (D:2)
39 creatures vanquished.

Notes
Turn   | Place    | Note
-------+----------+-------------------------------------------
     0 | D:1      | bande the Gargoyle Fighter began the quest for the Orb.
     0 | D:1      | Reached XP level 1. HP: 14/14 MP: 1/1
    86 | D:1      | Found a faded altar of an unknown god.
    96 | D:1      | Reached XP level 2. HP: 19/19 MP: 2/2
   913 | D:2      | Identified a scroll of acquirement
   913 | D:2      | Acquired 695 gold pieces
  1028 | D:2      | Reached XP level 3. HP: 17/23 MP: 3/3
  1874 | D:3      | Found a shimmering altar of Xom.
  1874 | D:3      | Noticed a bullfrog
  1881 | D:3      | Killed a bullfrog
  1882 | D:3      | Reached skill level 4 in Armour
  1882 | D:3      | Reached XP level 4. HP: 19/29 MP: 4/4
  2209 | D:3      | Gained mutation: You are dopey. (Int -2) [potion of
                  | mutation]
  2210 | D:3      | Quit the game

Illustrated notes

Levels and vault maps discovered:
D:1:      minmay_arrival_hallway, layout_loops_ring,
          nicolae_ecumenical_snake_handling
D:2:      layout_basic, minmay_goblin_kobold_house
D:3:      layout_loops_ring, lemuel_doored_altar, serial_shops, shop_statue,
          corexii_item_surrounded_by_moat, uniq_ijyb, uniq_jessica, uniq_terence

Skill      XL: |  1  2  3 |
---------------+----------+-----
Axes           | 2 3 |  3.2
Armour         | 4 |  4.0
Fighting       | |  3.9
Shields        | |  3.9

Action                   |  1- 3 |  4- 6 || total
-------------------------+-------+-------++-------
Melee: War axe           |   100 |    13 ||   113
  Use: Scroll            |     5 |     4 ||     9
       Potion            |       |     1 ||     1
Armor: Scale mail        |    72 |     5 ||    77
Dodge: Dodged            |    59 |     9 ||    68
Block: Buckler           |    26 |     4 ||    30

Table legend: (Time is in decaauts)
 A = Elapsed time spent in this place.
 B = Non-inter-level travel time spent in this place.
 C = Inter-level travel time spent in this place.
 D = Time resting spent in this place.
 E = Time spent auto-exploring this place.
 F = Levels seen in this place.
 G = Mean time per level.
                   A        B        C        D        E       F      G
               +--------+--------+--------+--------+--------+-----+--------+
         Total |   2256 |   2155 |    101 |    201 |   1641 |   3 |  752.0 |
       Dungeon |   2256 |   2155 |    101 |    201 |   1641 |   3 |  752.0 |
               +--------+--------+--------+--------+--------+-----+--------+

Top non-repeatable levels by time:
     D:2: 1010 daAuts
     D:1: 885 daAuts
     D:3: 361 daAuts
